 Dungeon Crawl Stone Soup version 0.29-a0-1052-g6990b1bffc (webtiles) character file.

Game seed: 13337067660496098169

359 testman the Trooper (level 6, -2/53 HPs)
             Began as a Demonspawn Gladiator on Aug 17, 2022.
             Was an Initiate of Gozag.
             Slain by Pikel
             ... wielding a +1 whip of freezing
              (4 damage)
             ... on level 4 of the Dungeon.
             The game lasted 00:18:55 (3886 turns).

testman the Trooper (Demonspawn Gladiator)          Turns: 3886, Time: 00:18:56

Health: -2/53      AC:  2    Str: 16    XL:     6   Next: 37%
Magic:  6/6        EV: 13    Int: 10    God:    Gozag
Gold:   635        SH:  4    Dex: 14    Spells: 5/5 levels left

rFire   . . .      SeeInvis .   o - +0 scythe
rCold   . . .      Faith    .   (shield currently unavailable)
rNeg    . . .      Spirit   .   (no body armour)
rPois   .          Reflect  .   c - +0 helmet
rElec   .          Harm     .   (no cloak)
rCorr   .          Rampage  .   (no gloves)
Will    .....                   (no boots)
Stlth   +.........              (no amulet)
HPRegen 0.17/turn               (no ring)
MPRegen 0.10/turn               (no ring)

@: no status effects
A: rugged brown scales 1, powered by death 1, condensation shield, demonic touch
1
a: Renounce Religion, Potion Petition, Call Merchant, Bribe Branch


You were on level 4 of the Dungeon.
You worshipped Gozag.
Gozag was pleased with you.
You visited 1 branch of the dungeon, and saw 4 of its levels.

You collected 635 gold pieces.

Inventory:

Hand Weapons
 a - a +0 trident
 o - a +0 scythe (weapon)
Missiles
 d - 2 throwing nets (quivered)
 e - a javelin
 i - 10 poisoned darts
Armour
 b - a +0 leather armour
 c - a +0 helmet (worn)
 k - a +1 robe
Jewellery
 f - a ring of ice
Wands
 q - a wand of acid (9)
Scrolls
 g - 4 scrolls of identify {unknown}
 h - a scroll of magic mapping {unknown}
 j - a scroll of summoning
 l - a scroll of fear {unknown}
 n - a scroll of teleportation {unknown}
 r - a scroll of poison {unknown}
Potions
 m - 2 potions of magic {unknown}
 p - a potion of curing


   Skills:
 - Level 6.0 Fighting
 + Level 3.7 Polearms
 - Level 2.0 Throwing
 - Level 3.0 Dodging


You had 5 spell levels left.
You didn't know any spells.
Your spell library contained the following spells:

 Spells                   Type           Power      Damage    Failure   Level
 Apportation              Tloc           0%         N/A       36%         1
 Sandblast                Erth           0%         2d4       36%         1
 Sting                    Tmut/Pois      0%         1d3       36%         1
 Summon Small Mammal      Summ           0%         N/A       36%         1
 Call Canine Familiar     Summ           0%         N/A       75%         3
 Portal Projectile        Hex/Tloc       0%         N/A       75%         3
 Summon Guardian Golem    Hex/Summ       0%         N/A       75%         3
 Tukima's Dance           Hex            0%         N/A       75%         3
 Blade Hands              Tmut           0%         N/A       100%        5


Dungeon Overview and Level Annotations

Branches:
Dungeon (4/15)             Temple (0/1) D:4

Altars:
Gozag
Vehumet

Annotations:
D:4 Pikel


Innate Abilities, Weirdness & Mutations

You are partially covered in rugged brown scales. (AC +1, +3% HP)
You regenerate a little health from kills.
A meltable shield of frost defends you. (SH +4)
Your touch may inflict minor irresistible damage on your foes.


Message History

Found a stone staircase leading down.
Found a stone staircase leading down.
Pikel and a lemure come into view.
Pikel is wielding a +1 whip of freezing.
Pikel shouts!
The lemure shouts!
You hear a shout!
A goblin comes into view. It is wielding a +0 dagger.
You hear a shout! 2 lemures come into view.
Found 10 gold pieces.
The lemure shouts!
A lemure comes into view.
Found a glowing dagger.
The lemure shouts!
Reach: o) +0 scythe
Press: ? - help, Dir - move target, f - Pikel
Aim: Pikel, wielding a +1 whip of freezing and wearing a +2 robe (about 53% to evade your +0 scythe)
You reach to attack!
The lemure shouts!
You hit Pikel but do no damage. The lemure barely misses you.
Pikel hits you with a +1 whip of freezing!
Pikel freezes you.
You barely miss Pikel. The lemure barely misses you.
Pikel hits you with a +1 whip of freezing!
Pikel freezes you.
You hit Pikel.
Pikel is lightly wounded.
The goblin hits you with a +0 dagger. The lemure hits you.
Pikel barely misses you.
Unknown command.
You barely miss Pikel. The goblin hits you with a +0 dagger.
Pikel says, "You'll make a fine lemure."
Pikel hits you with a +1 whip of freezing.
Pikel freezes you. The lemure hits you!
* * * LOW HITPOINT WARNING * * *
The lemure closely misses you.
Pikel hits you with a +1 whip of freezing!
* * * LOW HITPOINT WARNING * * *
Pikel freezes you.
You die...
Your body crumbles into a pile of gold.

#.⌠.#...##.....#
......#...#.#.##
⌠.>.⌠...#.#.#.###
......#.........#
#.⌠.#....>>.....#####
........#####.......#
.#.#.##. #....##..
... ##...## ..#
#..@.# ... ##gK5# #.#
..555.. .#
..........#
#......?...#
#...........#
#.......$.....
$#.......)..#..


You could see Pikel, 4 lemures and a goblin.

Vanquished Creatures
  Sigmund (D:3)
  Robin (D:3)
  4 gnolls
  4 adders
  2 worms
  6 dart slugs
  2 orcs (D:3)
  4 ball pythons
  4 endoplasms
  2 giant cockroaches (D:3)
  19 goblins
  10 hobgoblins
  8 jackals
  9 kobolds
  2 quokkas (D:1)
  5 bats
  4 frilled lizards
  4 rats
91 creatures vanquished.

Notes
Turn   | Place    | Note
-------+----------+-------------------------------------------
     0 | D:1      | testman the Demonspawn Gladiator began the quest for the
                  | Orb.
     0 | D:1      | Reached XP level 1. HP: 16/16 MP: 1/1
   119 | D:1      | Got Theurgy for Rookies
   268 | D:1      | Gained mutation: Your touch may inflict minor irresistible
                  | damage on your foes. [demonic ancestry]
   268 | D:1      | Reached XP level 2. HP: 22/22 MP: 2/2
   277 | D:1      | Found a faded altar of an unknown god.
   284 | D:1      | Prayed at the altar of an unknown god.
   284 | D:1      | Became a worshipper of Gozag Ym Sagoz the Greedy
   797 | D:1      | Reached XP level 3. HP: 28/28 MP: 3/3
  1257 | D:2      | Reached skill level 3 in Fighting
  1830 | D:2      | Gained mutation: You regenerate a little health from kills.
                  | [demonic ancestry]
  1830 | D:2      | Reached XP level 4. HP: 28/37 MP: 4/4
  2020 | D:2      | Reached skill level 4 in Fighting
  2152 | D:3      | Noticed Sigmund
  2169 | D:3      | Killed Sigmund
  2170 | D:3      | Reached skill level 5 in Fighting
  2170 | D:3      | Gained mutation: A meltable shield of frost defends you.
                  | (SH +4) [demonic ancestry]
  2170 | D:3      | Reached XP level 5. HP: 15/46 MP: 5/5
  2504 | D:3      | Gained mutation: You are partially covered in rugged brown
                  | scales. (AC +1, +3% HP) [demonic ancestry]
  2504 | D:3      | Reached XP level 6. HP: 46/53 MP: 6/6
  2504 | D:3      | Noticed Robin
  2526 | D:3      | Reached skill level 6 in Fighting
  2532 | D:3      | Killed Robin
  3352 | D:3      | Found a radiant altar of Vehumet.
  3831 | D:4      | Found a staircase to the Ecumenical Temple.
  3880 | D:4      | Noticed Pikel
  3886 | D:4      | HP: 2/53 [Pikel/+1 whip of freezing (8)]
  3886 | D:4      | Slain by Pikel

Illustrated notes

Levels and vault maps discovered:
D:1:      dpeg_arrival_chambers_temple_mockup, layout_loops_ring,
          shapermc_ecumenical_altar_hornbeckon
D:2:      layout_basic
D:3:      layout_loops_ring, mainiacjoe_overflow_paths, uniq_sigmund, uniq_robin
D:4:      layout_rooms, minmay_temple_entry_sparse_star,
          chequers_hall_statues_y, uniq_grinder, uniq_pikel

Skill      XL: |  1  2  3  4  5  6 |
---------------+-------------------+-----
Throwing       | 2 |  2.0
Polearms       | 3 |  3.7
Dodging        | 3 |  3.0
Fighting       | 3 5 6 |  6.0

Action                   |  1- 3 |  4- 6 || total
-------------------------+-------+-------++-------
Melee: Trident           |    94 |    36 ||   130
       Touch             |    11 |     5 ||    16
       Halberd           |       |   129 ||   129
Throw: Dart              |       |     1 ||     1
       Throwing net      |       |     2 ||     2
       Javelin           |       |     1 ||     1
  Use: Potion            |       |     2 ||     2
 Stab: Sleeping          |     3 |     5 ||     8
       Distracted        |       |     1 ||     1
Armor: Leather armour    |    17 |     5 ||    22
       Skin              |       |    13 ||    13
Dodge: Dodged            |    37 |    84 ||   121
Block: Other             |       |    13 ||    13

Table legend: (Time is in decaauts)
 A = Elapsed time spent in this place.
 B = Non-inter-level travel time spent in this place.
 C = Inter-level travel time spent in this place.
 D = Time resting spent in this place.
 E = Time spent auto-exploring this place.
 F = Levels seen in this place.
 G = Mean time per level.
                   A        B        C        D        E       F      G
               +--------+--------+--------+--------+--------+-----+--------+
         Total |   3956 |   3851 |    105 |    554 |   2657 |   4 |  989.0 |
       Dungeon |   3956 |   3851 |    105 |    554 |   2657 |   4 |  989.0 |
               +--------+--------+--------+--------+--------+-----+--------+

Top non-repeatable levels by time:
     D:2: 1661 daAuts
     D:3: 1090 daAuts
     D:1: 1089 daAuts
     D:4: 114 daAuts
